 Dungeon Crawl Stone Soup version 0.26-a0-651-gb41185065b (webtiles) character file.

Game seed: 1748868098325991220

219764 Flugslaktarn the Warrior (level 18, -6/181 HPs)
             Began as a Deep Dwarf Fighter on Oct 6, 2020.
             Was the Champion of Makhleb.
             Splashed by a caustic shrike's acid (9 damage)
             ... on level 5 of the Depths.
             The game lasted 00:15:24 (16769 turns).

Flugslaktarn the Warrior (Deep Dwarf Fighter)      Turns: 16769, Time: 00:15:24

Health: -6/181     AC:  5    Str: 25 (27) XL:     18   Next: 2%
Magic:  0/12       EV: 12    Int:  7 (10) God:    Makhleb [******]
Gold:   1519       SH: 28    Dex:  9 (12) Spells: 17/17 levels left

rFire    . . .     SeeInvis .   g - +9 war axe (freeze)
rCold    + . .     Faith    .   K - +0 tower shield
rNeg     + . .     Spirit   +   o - +4 plate armour
rPois    .         Reflect  .   A - +2 helmet
rElec    .         Harm     .   B - +2 cloak
rCorr    .         Rampage  .   D - +0 pair of gloves
MR       ++...                  b - +2 pair of boots
Stlth    ..........             l - brooch of Shielding {Spirit SH+8}
HPRegen  0.00/turn              v - +4 ring of evasion
MPRegen  0.13/turn              c - ring of protection from cold

@: lethally poisoned (-6 -> -6), corroded, non-regenerating
A: damage resistance, heal wounds, negative energy resistance 1, sense
surroundings 3, no regeneration
}: 2/15 runes: serpentine, barnacled
a: Heal Wounds, Minor Destruction, Lesser Servant of Makhleb, Major Destruction,
Greater Servant of Makhleb, Renounce Religion


You were on level 5 of the Depths.
You worshipped Makhleb.
Makhleb was exalted by your worship.
You visited 7 branches of the dungeon, and saw 34 of its levels.
You visited 1 bazaar.
You also visited: Ice Cave.

You collected 3047 gold pieces.
You spent 1528 gold pieces at shops.

Inventory:

Hand Weapons
 g - a +9 war axe of freezing (weapon)
   (You took it off a wight on level 8 of the Dungeon)
 M - a +0 vorpal broad axe
   (You found it in an ice cave)
Missiles
 u - a throwing net (quivered)
Armour
 b - a +2 pair of boots (worn)
   (You bought it in a shop in a bazaar)
 o - a +4 plate armour (worn)
   (You took it off an orc warrior on level 2 of the Snake Pit)
 A - a +2 helmet (worn)
   (You bought it in a shop on level 12 of the Dungeon)
 B - a +2 cloak (worn)
   (You took it off Crazy Yiuf on level 6 of the Dungeon)
 D - a +0 pair of gloves (worn)
   (You found it on level 13 of the Dungeon)
 I - a +1 plate armour of poison resistance
   (You took it off an orc warlord on level 2 of the Orcish Mines)
 K - a +0 tower shield (worn)
   (You took it off a naga warrior on level 2 of the Snake Pit)
Jewellery
 c - a ring of protection from cold (right hand)
   (You found it on level 2 of the Shoals)
 f - an uncursed ring of protection from fire
   (You found it on level 14 of the Dungeon)
 l - the brooch of Shielding (around neck) {Spirit SH+8}
   (You found it on level 5 of the Dungeon)

   [amulet of guardian spirit]

   It causes incoming damage to be split between your health and magic.
   It affects your SH (+8).
 v - a +4 ring of evasion (left hand)
   (You bought it in a shop on level 2 of the Orcish Mines)
 y - a +6 ring of strength
   (You took it off a centaur on level 15 of the Dungeon)
Wands
 e - a wand of paralysis (31)
   (You found it on level 10 of the Dungeon)
 j - a wand of iceblast (26)
   (You found it on level 7 of the Dungeon)
 k - a wand of digging (6)
   (You found it on level 1 of the Depths)
 G - a wand of enslavement (19)
   (You found it on level 3 of the Lair of Beasts)
Scrolls
 p - 3 scrolls of immolation
 r - 3 scrolls of identify
 t - 2 scrolls of teleportation
 x - 17 scrolls of remove curse
 C - 3 scrolls of enchant weapon
 E - a scroll of fear
 H - a scroll of summoning
 L - a scroll of holy word
Potions
 a - a potion of mutation
 d - 2 potions of might
 h - 2 potions of haste
 i - 5 potions of lignification
 m - a potion of magic
 n - 3 potions of resistance
 q - 17 potions of curing
 s - 3 potions of stabbing
 w - 7 potions of heal wounds
 z - 3 potions of degeneration
Miscellaneous
 F - a condenser vane (1/2)
   (You bought it in a shop on level 3 of the Depths)


   Skills:
 * Level 16.3 Fighting
 - Level 16.0 Axes
 + Level 14.2 Armour
 - Level 7.0 Dodging
 + Level 14.2 Shields
 - Level 15.0 Invocations
 - Level 10.0 Evocations


You had 17 spell levels left.
You didn't know any spells.
Your spell library was empty.

Dungeon Overview and Level Annotations

Branches:
Dungeon (15/15)            Temple (1/1) D:4            Lair (3/6) D:11
 Shoals (4/4) Lair:3        Snake (4/4) Lair:2          Orc (2/2) D:11
    Elf (0/3) Orc:2        Vaults (0/5) D:13         Depths (5/5) D:15
  IceCv (visited)
    Zot: Depths:5

Altars:
Ashenzari
Cheibriados
Dithmenos
Elyvilon
Fedhas
Gozag
Hepliaklqana
Kikubaaqudgha
Makhleb
Nemelex Xobeh
Okawaru
Qazlal
Ru
Sif Muna
Trog
Uskayaw
Vehumet
Wu Jian
Xom
Yredelemnul
Zin
The Shining One
Beogh

Shops:
D:7 [   D:12 [   D:14 *   Orc:1 ?   Orc:2 (*[=   Snake:1 (   Snake:2 [
Depths:3 *

Portals:
Hell: Depths:1
Pandemonium: Depths:3
Trove: D:11 (give +6 ice dragon scales)

Annotations:
Shoals:4 Mara
Snake:1 3 runed translucent doors
Snake:4 Roxanne
Depths:3 1 runed translucent door, exclusions: hell hound, hellion and 2 more exclusions


Innate Abilities, Weirdness & Mutations

You are resistant to damage.
You can heal yourself by infusing magical energy.
You resist negative energy. (rN+)
You passively map a large area around you.
You do not regenerate.


Message History

* * * LOW HITPOINT WARNING * * *
The iron troll closely misses you. You block the iron troll's attack.
The iron troll claws you.
* * * LOW HITPOINT WARNING * * *
The iron troll is engulfed in blazing flames.
The caustic shrike is engulfed in blazing flames.
You block the caustic shrike's attack.
The caustic shrike is engulfed in blazing flames.
You block the caustic shrike's attack. You block the vampire knight's attack.
The vampire knight barely misses you.
You feel much better.
The caustic shrike is engulfed in blazing flames.
The caustic shrike claws you. The acid corrodes you!
You are splashed with acid!
* * * LOW HITPOINT WARNING * * *
The caustic shrike is engulfed in blazing flames.
The caustic shrike claws you!!
* * * LOW HITPOINT WARNING * * *
You are splashed with acid!
You die...

#....^.......... ..
, , *
########..##.###....
* * **
##...........+, , ,
, , #.##.###....# *
* ,#.##.###..... *,
,* #....○......#* ,
* * ,#.##.######## ,
,,** #.....§§V# * *
,,#....Q§b@### ,,, *
* ,#.....§bTb§# **,
∩,*, #.....§§T§§# ,
, * #......§§§.# * *
, , ,#......§§§.# *
, , ,#...^...§..# ,
, #.#........# * * *
,* #.#^..#....# , *,
#...#...##* * ,


You could see 3 caustic shrikes, 2 iron trolls, a vampire knight (fast) and a
tengu conjurer.

Vanquished Creatures
  Saint Roka (Snake:2)
  A golden dragon (Depths:5)
  Jorgrun (Shoals:3)
  2 krakens (Shoals:4)
  Kirke (D:13)
  6 nagarajas (Snake:4)
  Ilsuiw (Shoals:4)
  An orc warlord (Orc:2)
  6 caustic shrike skeletons (Depths:4)
  An emperor scorpion (Depths:4)
  A stone giant (Orc:1)
  6 very ugly things
  A vampire knight (Depths:2)
  4 ettins
  A merfolk javelineer (Shoals:4)
  A merfolk impaler (Shoals:4)
  A fire dragon (Depths:3)
  An ice dragon (Depths:5)
  2 ogre magi
  A great orb of eyes (Depths:2)
  3 hydras
  4 rakshasas
  6 centaur warriors
  17 naga warriors
  2 spriggan air magi
  A catoblepas (D:15)
  4 anacondas
  4 merfolk aquamancers (Shoals:4)
  A satyr (Shoals:3)
  7 two-headed ogres
  10 death yaks
  2 deep troll earth magi (Depths:3)
  An orc high priest (Orc:2)
  4 deep troll shamans
  5 tengu warriors
  3 spriggan berserkers (Depths:4)
  9 naga sharpshooters
  A vampire mage (Depths:3)
  3 shock serpents (Snake:4)
  An iron troll (Depths:3)
  6 salamander mystics
  6 skeletal warriors
  4 sea snakes
  5 deep trolls
  2 unseen horrors (D:10)
  4 spriggan druids
  An orange crystal statue (Depths:1)
  5 naga ritualists
  A wizard (Depths:1)
  3 mana vipers
  26 ugly things
  4 orc knights
  4 manticores
  2 orc sorcerers (Orc:2)
  A shining eye (shapeshifter) (D:13)
  7 cyclopes
  2 fauns (Shoals:3)
  2 centaur zombies (D:12)
  11 salamanders
  4 elephants (Lair:3)
  4 merfolk sirens
  16 naga magi
  4 cane toads
  2 guardian serpents (Snake:4)
  15 black mambas
  2 water nymphs (Shoals:4)
  3 gargoyles
  4 centaur skeletons
  A freezing wraith (D:15)
  2 tengu conjurers
  3 komodo dragons
  A yaktaur (Depths:2)
  2 red devils (Depths:3)
  8 trolls
  A wind drake (Shoals:4)
  6 hornets
  7 merfolk
  3 hippogriffs
  2 snapping turtles
  2 blink frogs (Lair:2)
  A raiju (shapeshifter) (Depths:2)
  A meliai zombie (D:14)
  13 slime creatures
  3 dream sheep (Shoals:4)
  7 hogs (D:13)
  A tarantella (shapeshifter) (D:13)
  4 wyverns
  14 spriggans (Depths:4)
  2 water elementals (Shoals:4)
  4 shadows
  A fire elemental (D:14)
  2 basilisks (D:14)
  2 wraiths
  A human (shapeshifter) (D:13)
  37 yaks
  3 vampire mosquitoes (D:10)
  3 wargs (Orc:2)
  A soldier ant (D:11)
  2 acid dragons
  38 nagas
  3 water moccasins
  A soldier ant (shapeshifter) (D:15)
  3 porcupines
  30 orc warriors
  19 ice beasts
  2 eyes of draining
  2 sky beasts
  14 ogres
  2 phantoms
  4 wolves (Lair:3)
  8 boggarts
  A necrophage (D:8)
  18 centaurs
  5 crocodiles
  A big kobold (D:7)
  8 bullfrogs
  2 wyvern zombies
  2 wyvern skeletons
  8 scorpions
  17 wights
  9 killer bees
  7 howler monkeys
  3 jellies
  4 hounds
  A lava snake (D:14)
  A quasit (D:12)
  2 bullfrog zombies
  Crazy Yiuf (D:6)
  16 orc priests
  2 bullfrog skeletons
  5 iguanas
  26 orc wizards
  8 worker ants
  A hound skeleton (D:11)
  A worker ant zombie (D:11)
  A howler monkey skeleton (D:5)
  9 adders
  2 shadow imps
  3 white imps
  2 ufetubi
  4 adder zombies
  A worm (D:4)
  3 dart slugs
  3 leopard geckos
  108 orcs
  6 bats
  5 giant cockroaches
  6 goblins
  10 hobgoblins
  4 jackals
  8 kobolds
  5 quokkas
  A ball python (D:5)
  3 frilled lizards
  A jackal skeleton (D:4)
  A quokka skeleton (D:4)
  A quokka zombie (D:3)
  A rat (D:1)
  4 tentacles (Shoals:4)
885 creatures vanquished.

Vanquished Creatures (collateral kills)
  2 hydras
  A naga warrior (Snake:4)
  A naga sharpshooter (Snake:4)
  A black mamba (Snake:4)
  3 naga magi (Snake:4)
  A blink frog (Lair:2)
  3 nagas (Snake:4)
12 creatures vanquished.

Vanquished Creatures (others)
  A merfolk aquamancer (Shoals:4)
  A naga mage (Snake:4)
  An orc priest (Orc:2)
  A fire vortex (Depths:3)
  3 fungi
  31 plants
  18 tentacles (Shoals:4)
56 creatures vanquished.

Grand Total: 953 creatures vanquished

Notes
Turn   | Place    | Note
-------+----------+-------------------------------------------
     0 | D:1      | Flugslaktarn the Deep Dwarf Fighter began the quest for the
                  | Orb.
     0 | D:1      | Reached XP level 1. HP: 20/20 MP: 1/1
    53 | D:1      | Reached XP level 2. HP: 21/27 MP: 2/2
   316 | D:1      | Reached XP level 3. HP: 25/34 MP: 3/3
   500 | D:2      | Found a glowing silver altar of Zin.
   509 | D:2      | Found a glowing golden altar of the Shining One.
   613 | D:2      | Found a hide-covered altar of Uskayaw.
   616 | D:2      | Found a basalt altar of Yredelemnul.
   745 | D:3      | Reached XP level 4. HP: 16/42 MP: 4/4
   949 | D:4      | Found a staircase to the Ecumenical Temple.
   959 | Temple   | Entered the Ecumenical Temple
  1274 | D:2      | Found a burning altar of Makhleb.
  1274 | D:2      | Found a radiant altar of Vehumet.
  1278 | D:2      | Became a worshipper of Makhleb the Destroyer
  1454 | D:4      | Reached skill level 1 in Invocations
  1454 | D:4      | Reached XP level 5. HP: 26/50 MP: 5/5
  1499 | D:4      | Found an opulent altar of Gozag.
  1772 | D:5      | Entered Level 5 of the Dungeon
  1794 | D:5      | Noticed an ice beast
  1805 | D:5      | Killed an ice beast
  1805 | D:5      | Reached XP level 6. HP: 28/57 MP: 7/7
  2224 | D:5      | Found a sparkling altar of Nemelex Xobeh.
  2287 | D:5      | Found a sacrificial altar of Ru.
  2327 | D:5      | Reached * piety under Makhleb
  2346 | D:5      | Found the brooch of Shielding {Spirit SH+8}
  2684 | D:6      | Reached skill level 5 in Axes
  2684 | D:6      | Reached XP level 7. HP: 49/66 MP: 7/9
  2767 | D:6      | Reached skill level 5 in Fighting
  2906 | D:6      | Noticed a troll
  2919 | D:6      | Killed a troll
  2919 | D:6      | Reached skill level 5 in Armour
  2919 | D:6      | Reached skill level 5 in Shields
  2919 | D:6      | Reached XP level 8. HP: 26/75 MP: 8/10
  3004 | D:6      | Identified the Papyrus of Supportive Poison
  3239 | D:6      | Found a runed translucent door.
  3241 | D:6      | Noticed Crazy Yiuf
  3285 | D:6      | Killed Crazy Yiuf
  3446 | D:7      | Reached ** piety under Makhleb
  3468 | D:7      | Reached skill level 5 in Invocations
  3487 | D:7      | Found Rewyiqeo's Antique Armour Shop.
  4116 | D:8      | Gained mutation: You passively map the area around you.
                  | [Deep Dwarf growth]
  4116 | D:8      | Reached XP level 9. HP: 59/85 MP: 9/9
  4474 | D:8      | Found a roughly hewn altar of Beogh.
  4492 | D:8      | Reached *** piety under Makhleb
  5082 | D:9      | You fall into a shaft and drop 2 floors!
  5104 | D:11     | Reached **** piety under Makhleb
  5104 | D:11     | Noticed a manticore
  5111 | D:11     | Reached XP level 10. HP: 88/94 MP: 10/10
  5116 | D:11     | Killed a manticore
  5123 | D:11     | Noticed a gargoyle
  5134 | D:11     | Killed a gargoyle
  5154 | D:11     | Noticed a skeletal warrior
  5154 | D:11     | Noticed a skeletal warrior
  5155 | D:11     | Noticed a skeletal warrior
  5160 | D:11     | Noticed a two-headed ogre
  5177 | D:11     | Killed a skeletal warrior
  5182 | D:11     | Killed a skeletal warrior
  5182 | D:11     | Reached skill level 10 in Axes
  5189 | D:11     | Killed a skeletal warrior
  5194 | D:11     | Killed a two-headed ogre
  5194 | D:11     | Reached XP level 11. HP: 102/104 MP: 10/12
  5224 | D:11     | Noticed a green ugly thing
  5236 | D:11     | Killed a green ugly thing
  5312 | D:11     | Found a staircase to the Lair.
  5365 | D:11     | Found a staircase to the Orcish Mines.
  5371 | D:11     | Reached ***** piety under Makhleb
  5531 | D:11     | Found a portal to a secret trove of treasure.
  5642 | D:11     | Found a roughly hewn altar of Beogh.
  5676 | D:10     | Entered Level 10 of the Dungeon
  5676 | D:10     | Found an iron altar of Okawaru.
  5727 | D:10     | Got a scorched war axe
  5728 | D:10     | Identified the cursed +2 war axe "Caegyurupn" {drain, Int+2
                  | Stlth+} (You found it on level 10 of the Dungeon)
  5831 | D:10     | Killed an unseen horror
  6083 | D:10     | Killed an unseen horror
  6451 | D:12     | Noticed a two-headed ogre
  6458 | D:12     | Reached skill level 10 in Fighting
  6519 | D:12     | Noticed a two-headed ogre
  6527 | D:12     | Killed a two-headed ogre
  6549 | D:12     | Reached ****** piety under Makhleb
  6789 | D:12     | Found a roughly hewn altar of Beogh.
  6789 | D:12     | Noticed an orc knight
  6802 | D:12     | Killed an orc knight
  6802 | D:12     | Reached XP level 12. HP: 62/116 MP: 14/14
  6933 | D:12     | Found Cikel's Antique Armour Boutique.
  6936 | D:12     | Bought a glowing helmet for 247 gold pieces
  7128 | D:13     | Noticed Kirke
  7143 | D:12     | Noticed a sphinx
  7144 | D:13     | Reached skill level 10 in Invocations
  7159 | D:13     | Killed Kirke
  7191 | D:13     | Found a gate to the Vaults.
  7681 | D:13     | Noticed a seven-headed hydra
  7694 | D:13     | Killed a 13-headed hydra
  7982 | D:14     | Noticed a centaur warrior
  7986 | D:14     | Noticed a centaur warrior
  7992 | D:14     | Killed a centaur warrior
  8008 | D:14     | Killed a centaur warrior
  8046 | D:14     | Noticed a centaur warrior
  8065 | D:14     | Killed a centaur warrior
  8065 | D:14     | Reached XP level 13. HP: 53/127 MP: 14/14
  8065 | D:14     | Reached skill level 10 in Armour
  8166 | D:14     | Found an ornate altar of the Wu Jian Council.
  8261 | D:14     | Reached skill level 10 in Shields
  8269 | D:14     | Found Tadoups's Pet Rocks.
  8521 | D:15     | Entered Level 15 of the Dungeon
  8531 | D:15     | Reached skill level 1 in Evocations
  8601 | D:15     | Noticed an ettin
  8620 | D:15     | Killed an ettin
  9025 | D:15     | Found a staircase to the Depths.
  9505 | Lair:1   | Entered Level 1 of the Lair of Beasts
  9627 | Lair:2   | Found a staircase to the Snake Pit.
  9644 | Lair:2   | Gained mutation: You resist negative energy. (rN+) [Deep
                  | Dwarf growth]
  9644 | Lair:2   | Reached XP level 14. HP: 75/138 MP: 0/15
 10333 | Lair:3   | Found a frozen archway.
 10360 | IceCv    | Entered an ice cave
 10366 | IceCv    | Reached skill level 5 in Evocations
 11035 | Lair:3   | Found a staircase to the Shoals.
 11153 | Orc:1    | Entered Level 1 of the Orcish Mines
 11153 | Orc:1    | Noticed a stone giant
 11161 | Orc:1    | Killed a stone giant
 11226 | Orc:1    | Found Ifaygexo's Magic Scroll Emporium.
 11387 | Orc:2    | Entered Level 2 of the Orcish Mines
 11459 | Orc:2    | Found a staircase to the Elven Halls.
 11575 | Orc:2    | Noticed an orc warlord
 11601 | Orc:2    | Killed an orc warlord
 11633 | Orc:2    | Found a roughly hewn altar of Beogh.
 11660 | Orc:2    | Reached skill level 15 in Axes
 11662 | Orc:2    | Found Veisuq's Antique Weapon Boutique.
 11675 | Orc:2    | Found Kururcheczi's General Store.
 11812 | Orc:2    | Found Sack's Antique Armour Boutique.
 11975 | Orc:2    | Found Nomoax's Jewellery Boutique.
 12223 | Orc:2    | Bought a +4 ring of evasion for 540 gold pieces
 12321 | Snake:1  | Entered Level 1 of the Snake Pit
 12326 | Snake:1  | Found Vaiqixza's Antique Weapon Shoppe.
 12366 | Snake:1  | Found a runed translucent gate.
 12367 | Snake:1  | Found a runed translucent gate.
 12368 | Snake:1  | Found a runed translucent gate.
 12410 | Snake:1  | Found an opulent altar of Gozag.
 12841 | Snake:2  | Found Zaodahet's Antique Armour Emporium.
 12853 | Snake:2  | Reached XP level 15. HP: 147/147 MP: 0/16
 12930 | Snake:2  | Noticed Saint Roka
 12955 | Snake:2  | Reached skill level 1 in Dodging
 12979 | Snake:2  | Killed Saint Roka
 13087 | Snake:2  | Bought a pair of boots for 171 gold pieces
 13253 | Snake:4  | Entered Level 4 of the Snake Pit
 13516 | Snake:4  | Noticed Roxanne
 13602 | Snake:4  | Noticed a nagaraja
 13610 | Snake:4  | Noticed a nagaraja
 13618 | Snake:4  | Killed a nagaraja
 13625 | Snake:4  | Noticed a nagaraja
 13629 | Snake:4  | Noticed a nagaraja
 13630 | Snake:4  | Killed a nagaraja
 13633 | Snake:4  | Killed a nagaraja
 13721 | Snake:4  | Reached XP level 16. HP: 128/158 MP: 0/16
 13870 | Snake:4  | Reached skill level 5 in Dodging
 13894 | Snake:4  | Got a serpentine rune of Zot
 14213 | Shoals:1 | Entered Level 1 of the Shoals
 14282 | Shoals:2 | Found a gateway to a bazaar.
 14348 | Bazaar   | Entered a bazaar
 14348 | Bazaar   | Found Uhilel's Antique Weapon Shop.
 14348 | Bazaar   | Found Ihoj's Distillery.
 14395 | Bazaar   | Found Tuofec's Antique Armour Shop.
 14403 | Bazaar   | Bought a pair of embroidered boots for 270 gold pieces
 14500 | Shoals:3 | Noticed Jorgrun
 14517 | Shoals:3 | Killed Jorgrun
 14565 | Shoals:4 | Entered Level 4 of the Shoals
 14565 | Shoals:4 | Noticed Mara
 14582 | Shoals:4 | Noticed Flugslaktarn's illusion
 14700 | Shoals:4 | Noticed a kraken
 14716 | Shoals:4 | Killed a kraken
 14801 | Shoals:4 | Noticed Ilsuiw
 14808 | Shoals:4 | Noticed Flugslaktarn's illusion
 14856 | Shoals:4 | Killed Ilsuiw
 14856 | Shoals:4 | Reached skill level 10 in Evocations
 14918 | Shoals:4 | Noticed a kraken
 14965 | Shoals:4 | Killed a kraken
 14976 | Shoals:4 | Got a barnacled rune of Zot
 15240 | Depths:1 | Entered Level 1 of the Depths
 15244 | Depths:1 | Found a gateway to Hell.
 15438 | Depths:2 | Reached XP level 17. HP: 93/168 MP: 0/14
 15478 | Depths:2 | Reached skill level 15 in Fighting
 15721 | Depths:3 | Found a runed translucent door.
 15724 | Depths:3 | Noticed a titan
 15724 | Depths:3 | Noticed a titan
 15724 | Depths:3 | Noticed a titan
 15775 | Depths:3 | Reached skill level 15 in Invocations
 15920 | Depths:3 | Found Limah's General Store.
 15955 | Depths:3 | Bought a condenser vane (2/2) for 300 gold pieces
 15972 | Depths:3 | Identified a scroll of acquirement
 15973 | Depths:3 | Acquired 820 gold pieces
 15987 | Depths:3 | Found a one-way gate leading to the halls of Pandemonium.
 16067 | Depths:3 | You fall into a shaft and drop 1 floor!
 16405 | Depths:5 | Entered Level 5 of the Depths
 16583 | Depths:4 | Found a bloodstained altar of Trog.
 16738 | Depths:5 | Noticed a golden dragon
 16744 | Depths:5 | Noticed a caustic shrike
 16748 | Depths:5 | Noticed a caustic shrike
 16749 | Depths:5 | Noticed a caustic shrike
 16752 | Depths:5 | Killed a golden dragon
 16754 | Depths:5 | Gained mutation: You passively map a large area around you.
                  | [Deep Dwarf growth]
 16754 | Depths:5 | Reached XP level 18. HP: 123/181 MP: 0/16
 16766 | Depths:5 | HP: 6/181 [acid (5)]
 16769 | Depths:5 | Splashed by a caustic shrike's acid

Illustrated notes

Levels and vault maps discovered:
D:1:      dpeg_arrival_stonehenge_12_columns, layout_basic, fountainhead,
          minmay_pentomino_s4
D:2:      layout_basic, gammafunk_temple_overflow_elements,
          grunt_temple_overflow_cloverleaf, minmay_misc_feat_hallway
D:3:      layout_loops_ring
D:4:      layout_cave_pools, grunt_gozag_breadcrumbs,
          minmay_temple_entry_statues_fountains, kennysheep_generic_room_7
D:5:      layout_basic, nicolae_ru_sacrificial_ziggurat, nemelex_altar_shiori
D:6:      layout_loops_cross, uniq_crazy_yiuf_cottage
D:7:      layout_cave_pools, hangedman_decor_diamond_cutter,
          kennysheep_small_circle
D:8:      layout_basic, special_room [special_room_orc], minmay_crystal_room
D:9:      minmay_four_partial_circles, layout_loops_ring, uniq_harold
D:10:     layout_loops_ring, okawaru_trees_1
D:11:     layout_rooms, lair_entry_dummy, nicolae_trove_entry_diagonal,
          hex_intersection, minmay_misc_feat_doors, kennysheep_nub,
          david_defended_altar_orc
D:12:     layout_roguey [special_room_orc], serial_shops,
          nicolae_shop_behind_doors
D:13:     layout_small_grid, david_vaults_2, uniq_kirke
D:14:     layout_big_octagon, minmay_misc_feat_pillars, basic_altar,
          guppyfry_shop_earth
D:15:     hangedman_depths_entry_civil_slaughter, layout_cave_pods,
          lemuel_nasty_fountain
Temple:   eino_narrow_crystal_temple
Lair:1:   layout_regular_city, st_stairs_9, uniq_urug
Lair:2:   layout_regular_city, dummy_snake_entry, infiniplex_staircase_pool_2
Lair:3:   layout_cave_pods, minmay_shoals_entry_hut,
          portal_ice_cave_entry_ice_beasts, st_stairs_6, lemuel_fruit_tree
Shoals:1: layout_shoals, uniq_aizul
Shoals:2: layout_shoals, serial_shops, bzr_entry_water
Shoals:3: cheibrodos_shoals_roost, layout_shoals, uniq_jorgrun
Shoals:4: shoals_end_hangedman, layout_shoals, shoals_ilsuiw_ice, serial_shops,
          shop, uniq_mara
Snake:1:  layout_onion, ebering_ghost_gozag, serial_shops, nicolae_shop_trees,
          chequers_hall_statues_corner_a, minmay_shop_grid_forest
Snake:2:  layout_layer_cave, serial_shops, shop, uniq_saint_roka
Snake:3:  layout_grid_shapes, basic_altar, hangedman_snake_corridor_cut,
          grunt_megastairs_2
Snake:4:  snake_pit, layout_misc_corridors, serial_bayou_shore_b, uniq_vashnia,
          uniq_roxanne
Orc:1:    layout_diamond_mine, serial_shops, shop
Orc:2:    grunt_orc_cross, layout_diamond_mine
Depths:1: hangedman_grunt_twisty_little_passages, layout_gridlike, hell_entry,
          serial_shops, statue_bzr, serial_curves, eino_curves_01,
          eino_curves_03, minmay_room_of_horrors, dpeg_stationary_puzzle
Depths:2: gold_lair_mu, layout_twisted_cross, grunt_hell_entry_dis_grunt,
          tso_metal_star, rand_demon_pan_entry_9
Depths:3: minmay_gate_of_8, layout_basic, pan_entry, serial_shops, shop,
          hellmouth_1
Depths:4: spriggan_forest, pan_entry, hell_entry, abyss_entry
Depths:5: grunt_zot_entry_hairpin, layout_basic, enter_ziggurat_f, hell_entry,
          minmay_misc_feat_diagonals, serial_shops, nicolae_shop_crystal

Skill      XL: |  1  2  3  4  5  6  7  8  9 10 11 12 13 14 15 16 17 |
---------------+----------------------------------------------------+-----
Fighting       | 3 4 5 6 7 8 10 11 12 13 14 16 | 16.3
Axes           | 3 4 5 6 7 9 10 11 12 14 15 16 | 16.0
Invocations    | 1 2 4 5 6 8 9 10 11 12 13 14 15 | 15.0
Armour         | 4 5 6 7 8 9 10 11 12 13 14 | 14.2
Shields        | 4 5 6 7 8 9 10 11 12 13 14 | 14.2
Evocations     | 4 6 8 10 | 10.0
Dodging        | 4 6 7 |  7.0

Action                   |  1- 3 |  4- 6 |  7- 9 | 10-12 | 13-15 | 16-18 || total
-------------------------+-------+-------+-------+-------+-------+-------++-------
Melee: War axe           |    94 |   150 |   303 |   479 |   935 |   905 ||  2866
Invok: Lesser Servant of |       |       |       |       |     5 |       ||     5
       Greater Servant o |       |       |       |       |     2 |       ||     2
 Abil: Heal Wounds       |       |     4 |    16 |     9 |    16 |    23 ||    68
Evoke: Wand              |       |       |       |       |     3 |     2 ||     5
       Condenser vane    |       |       |       |       |       |     2 ||     2
  Use: Scroll            |       |       |    21 |     8 |     9 |     7 ||    45
       Potion            |       |       |       |     1 |     1 |     4 ||     6
 Stab: Distracted        |       |       |       |       |     2 |       ||     2
Armor: Scale mail        |    45 |    71 |    72 |       |       |       ||   188
       Chain mail        |       |       |    45 |   145 |       |       ||   190
       Plate armour      |       |       |       |   143 |   381 |   359 ||   883
Dodge: Dodged            |    40 |    67 |   100 |   103 |   174 |   199 ||   683
Block: Kite shield       |    42 |    78 |   186 |   268 |   816 |       ||  1390
       Tower shield      |       |       |       |       |   192 |  1244 ||  1436

Table legend: (Time is in decaauts)
 A = Elapsed time spent in this place.
 B = Non-inter-level travel time spent in this place.
 C = Inter-level travel time spent in this place.
 D = Time resting spent in this place.
 E = Time spent auto-exploring this place.
 F = Levels seen in this place.
 G = Mean time per level.
                   A        B        C        D        E       F      G
               +--------+--------+--------+--------+--------+-----+--------+
         Total |  16646 |  14673 |   1973 |    401 |   9394 |  36 |  462.4 |
       Dungeon |   9698 |   8782 |    916 |    225 |   6067 |  15 |  646.5 |
        Temple |    177 |    166 |     11 |      0 |    165 |   1 |  177.0 |
          Lair |   1677 |   1407 |    270 |      0 |   1125 |   3 |  559.0 |
        Shoals |    769 |    581 |    188 |      0 |    128 |   4 |  192.2 |
     Snake Pit |   1576 |   1265 |    311 |     33 |    544 |   4 |  394.0 |
  Orcish Mines |   1181 |    947 |    234 |      0 |    709 |   2 |  590.5 |
        Depths |   1412 |   1371 |     41 |    143 |    588 |   5 |  282.4 |
        Bazaar |     87 |     87 |      0 |      0 |     54 |   1 |   87.0 |
      Ice Cave |     65 |     65 |      0 |      0 |     13 |   1 |   65.0 |
               +--------+--------+--------+--------+--------+-----+--------+

Top non-repeatable levels by time:
     D:8: 932 daAuts
    D:15: 915 daAuts
     D:5: 881 daAuts
    D:13: 871 daAuts
   Orc:2: 845 daAuts
    D:11: 814 daAuts
     D:6: 802 daAuts
  Lair:3: 801 daAuts
  Lair:2: 794 daAuts
    D:12: 774 daAuts
 Snake:4: 673 daAuts
    D:10: 663 daAuts
     D:7: 623 daAuts
Depths:4: 600 daAuts
    D:14: 600 daAuts
